 Dungeon Sprint DCSS version 0.31-a0-640-g39d97e502b (webtiles) character file.

Game seed: 6994395647004852094

4831 sircluck the Grappler (level 10, -15/117 HPs)
             Began as a Troll Berserker on Aug 28, 2023.
             Was the Champion of Trog.
             Demolished by Sigmund
             ... wielding a +2 scythe of distortion
              (18 damage)
             ... in the Dungeon (Sprint III: "The Ten Rune Challenge").
             The game lasted 00:03:43 (901 turns).

sircluck the Grappler (Troll Berserker)              Turns: 901, Time: 00:03:44

Health: -15/117    AC:  5    Str: 31    XL:     10   Next: 25%
Magic:  9/9        EV: 13    Int:  3    God:    Trog [******]
Gold:   26         SH:  0    Dex:  9    Spells: 9/9 levels left

rFire   . .          .
                       - Unarmed
rCold   . . .        (no shield)
rNeg    . . .        a - +0 animal skin
rPois   .            (helmet restricted)
rElec   .            h - +0 cloak
rCorr   .            (gloves unavailable)
SInv    .            (boots unavailable)
Will    .....        (no amulet)
Stlth   +            (no ring)
HPRegen 1.19/turn    (no ring)
MPRegen 0.11/turn

%: no teleportation
@: on berserk cooldown, slowed, very slow
A: large, unfitting armour, claws 3, regeneration 1, shaggy fur 1, tough skin 1
a: Renounce Religion, Berserk, Trog's Hand, Brothers in Arms


You were in the Dungeon.
You worshipped Trog.
Trog was exalted by your worship.
You visited 1 branch You collected 26 gold pieces.

Inventory:

Hand Weapons
 k - a +10 antimagic giant club
Missiles
 i - 2 stones
Armour
 a - a +0 animal skin (worn)
 h - a +0 cloak (worn)
Wands
 p - a wand of polymorph (9)
Scrolls
 g - a scroll of blinking
 l - 3 scrolls of identify
Potions
 b - 2 potions of curing
 c - a potion of heal wounds
 d - a potion of haste
 e - 2 potions of magic
 f - a potion of berserk rage
 j - 5 potions of mutation
 m - 2 potions of enlightenment
 o - 2 potions of might {unknown}
Miscellaneous
 q - a box of beasts


   Skills:
 + Level 12.4 Fighting
 + Level 12.2 Dodging
 + Level 14.4 Unarmed Combat


You had 9 spell levels left.
You didn't know any spells.
Your spell library was empty.

Dungeon Overview and Level Annotations

Branches:
Dungeon (1/1)

Altars:
Cheibriados
Dithmenos
Elyvilon
Fedhas
Gozag
Hepliaklqana
Kikubaaqudgha
Makhleb
Nemelex Xobeh
Okawaru
Qazlal
Ru
Sif Muna
Trog
Uskayaw
Vehumet
Wu Jian
Xom
Yredelemnul
Zin
The Shining One
Jiyva
Lugonu

Annotations:
D Sigmund


Innate Abilities, Weirdness & Mutations

You are too large for most types of armour.
You have claws for hands.
Your natural rate of healing is unusually fast.
You are covered in fur. (AC +1)
You have tough skin. (AC +1)


Message History

Edmund is heavily wounded.
Something hits you! Edmund barely misses you.
You claw Edmund!
Edmund is heavily wounded.
You completely miss Edmund.
Edmund is heavily wounded.
Edmund closely misses you. Something hits you but does no damage.
Space warps around you.
Your cyclops goes berserk!
Edmund hits you with a +2 great mace of freezing!
* * * LOW HITPOINT WARNING * * *
Edmund freezes you.
* * * LOW HITPOINT WARNING * * *
Something hits you but does no damage.
A red film seems to cover your vision as you go berserk!
You feel yourself moving faster!
You feel mighty!
Edmund hits you with a +2 great mace of freezing!
* * * LOW HITPOINT WARNING * * *
Edmund freezes you!
* * * LOW HITPOINT WARNING * * *
Your cyclops closely misses Edmund.
You eviscerate Edmund!!!
Edmund is almost dead.
Something hits you.
* * * LOW HITPOINT WARNING * * *
Space warps around you.
* * * LOW HITPOINT WARNING * * *
Edmund closely misses you.
You mangle Edmund!!
You kill Edmund!
Trog accepts your kill.
You feel a strong urge to attack something.
Something hits you.
* * * LOW HITPOINT WARNING * * *
You feel your anger nearly subside.
You are no longer berserk.
You are exhausted.
You feel yourself slow down. Something hits you!
* * * LOW HITPOINT WARNING * * *
Space warps horribly around you!!
You die...

#..~~~'.#.'...'.#.#.#)†...~≈#
#.#§~~#.#.#.).##.#.#.##...~≈#
'.#)§§#.#.#.).#.#.#.#.#...~≈≈≈#
#.#...#...#)..##.#.#.##...~~~~#
▓▓▓▓▓▓▓▓▓▓▓▓▓▓#.#.#.#.#.......#
##.#)#.##.......#
+.#.#.#.#.......#
##.#.#.########## #@##### #.C.+
#.{.# #...# #####


You could see a friendly cyclops (summoned, berserk).

Vanquished Creatures
  Erica (D)
  A centaur warrior (D)
  A deep elf pyromancer (D)
  Edmund (D)
  An unseen horror (D)
  A queen bee (D)
  A shadow (D)
  A spatial vortex (D)
  2 centaurs (D)
  An earth elemental (D)
  A water elemental (D)
  A necrophage (D)
  A scorpion (D)
  27 killer bees (D)
  A jelly (D)
  A wizard (D)
  A necromancer (D)
  3 humans (D)
  A kobold demonologist (D)
  2 endoplasms (D)
  2 rats (D)
52 creatures vanquished.

Vanquished Creatures (collateral kills)
  5 killer bees (D)
5 creatures vanquished.

Grand Total: 57 creatures vanquished

Notes
Turn   | Place    | Note
-------+----------+-------------------------------------------
     0 | D        | sircluck the Troll Berserker began the quest for the Orb.
     0 | D        | Reached XP level 1. HP: 22/22 MP: 0/0
    39 | D        | Reached ** piety under Trog
    75 | D        | Reached skill level 4 in Unarmed Combat
    75 | D        | Reached XP level 2. HP: 21/31 MP: 1/1
    92 | D        | Noticed a scorpion
   103 | D        | Killed a scorpion
   104 | D        | Reached skill level 5 in Unarmed Combat
   104 | D        | Reached XP level 3. HP: 23/40 MP: 2/2
   104 | D        | Reached XP level 4. HP: 28/49 MP: 3/3
   134 | D        | Noticed a water elemental
   140 | D        | Killed a water elemental
   140 | D        | Reached *** piety under Trog
   141 | D        | Reached skill level 5 in Fighting
   141 | D        | Reached skill level 5 in Dodging
   141 | D        | Reached skill level 6 in Unarmed Combat
   141 | D        | Reached XP level 5. HP: 55/57 MP: 4/4
   177 | D        | Found a radiant altar of Vehumet.
   177 | D        | Found a shimmering blue altar of Sif Muna.
   177 | D        | Found an ancient bone altar of Kikubaaqudgha.
   181 | D        | Reached **** piety under Trog
   182 | D        | Reached skill level 7 in Unarmed Combat
   201 | D        | Found a basalt altar of Yredelemnul.
   201 | D        | Found a shadowy altar of Dithmenos.
   201 | D        | Found a sacrificial altar of Ru.
   207 | D        | Reached XP level 6. HP: 37/68 MP: 5/5
   235 | D        | Found a hide-covered altar of Uskayaw.
   235 | D        | Found an iron altar of Okawaru.
   235 | D        | Found a bloodstained altar of Trog.
   235 | D        | Found an ornate altar of the Wu Jian Council.
   235 | D        | Noticed a human
   236 | D        | Noticed a human
   240 | D        | Killed a human
   241 | D        | Reached skill level 8 in Unarmed Combat
   244 | D        | Killed a human
   244 | D        | Reached ***** piety under Trog
   245 | D        | Reached skill level 9 in Unarmed Combat
   245 | D        | Reached XP level 7. HP: 79/79 MP: 6/6
   288 | D        | Found a glowing silver altar of Zin.
   288 | D        | Found a glowing golden altar of the Shining One.
   288 | D        | Found a white marble altar of Elyvilon.
   288 | D        | Noticed a deep elf pyromancer
   296 | D        | Killed a deep elf pyromancer
   297 | D        | Reached skill level 10 in Unarmed Combat
   344 | D        | Noticed a shadow
   346 | D        | Killed a shadow
   347 | D        | Reached XP level 8. HP: 92/92 MP: 7/7
   358 | D        | Found a blossoming altar of Fedhas.
   358 | D        | Found a stormy altar of Qazlal.
   358 | D        | Found a snail-covered altar of Cheibriados.
   358 | D        | Found a burning altar of Makhleb.
   358 | D        | Found a shimmering altar of Xom.
   359 | D        | Found a hazy altar of Hepliaklqana.
   359 | D        | Found an opulent altar of Gozag.
   359 | D        | Found a sparkling altar of Nemelex Xobeh.
   359 | D        | Found a corrupted altar of Lugonu.
   359 | D        | Found a viscous altar of Jiyva.
   366 | D        | Identified the +12 glaive "Lupn" {heavy, rPois rF+ rN+++
                  | Str-2} (Trog gifted it to you in the Dungeon)
   366 | D        | Received a gift from Trog
   367 | D        | Reached skill level 11 in Unarmed Combat
   395 | D        | Noticed Erica
   400 | D        | Killed Erica
   401 | D        | Reached skill level 10 in Fighting
   401 | D        | Reached skill level 10 in Dodging
   442 | D        | Reached skill level 12 in Unarmed Combat
   478 | D        | Noticed a centaur warrior
   482 | D        | Reached XP level 9. HP: 77/102 MP: 8/8
   488 | D        | Killed a centaur warrior
   571 | D        | Killed an unseen horror
   571 | D        | Identified the +6 flail of No Interval {heavy, *Noise rPois
                  | rCorr Int-5} (Trog gifted it to you in the Dungeon)
   571 | D        | Received a gift from Trog
   572 | D        | Reached skill level 13 in Unarmed Combat
   774 | D        | Noticed a queen bee
   801 | D        | Reached ****** piety under Trog
   803 | D        | Received a gift from Trog
   807 | D        | Killed a queen bee
   812 | D        | Reached XP level 10. HP: 115/115 MP: 9/9
   818 | D        | Received a gift from Trog
   827 | D        | Reached skill level 14 in Unarmed Combat
   831 | D        | Received a gift from Trog
   848 | D        | Identified the +0 rapier "Nymuet" {heavy, rElec rPois rC-
                  | Str+2} (Trog gifted it to you in the Dungeon)
   848 | D        | Received a gift from Trog
   882 | D        | Noticed Sigmund
   882 | D        | Noticed Edmund
   897 | D        | Killed Edmund
   901 | D        | HP: 3/117 [something (10)]
   901 | D        | Demolished by Sigmund

Illustrated notes

Levels and vault maps discovered:
D:        dungeon_sprint_mu [sprint_mu_entry_cave, sprint_mu_temple_rooms,
          sprint_mu_d1_horrors, sprint_mu_d2_genie, sprint_mu_d3_branching,
          sprint_mu_orc_legion, sprint_mu_elf_gauntlet, sprint_mu_hive_nellie,
          sprint_mu_lair_fedhas, sprint_mu_vaults_butterflies,
          sprint_mu_slime_circle, sprint_mu_swamp_cave, sprint_mu_snake_twists,
          sprint_mu_blade_basic, sprint_mu_crypt_lich, sprint_mu_tomb_spiral,
          sprint_mu_vestibule_basic, sprint_mu_gehenna_hellfire,
          sprint_mu_dis_giant, sprint_mu_tartarus_statrot,
          sprint_mu_cocytus_islands, sprint_mu_zot1]

Skill      XL: |  1  2  3  4  5  6  7  8  9 10 |
---------------+-------------------------------+-----
Fighting       | 3 4 5 6 7 9 10 11 12 | 12.4
Dodging        | 3 4 5 6 7 9 10 11 12 | 12.2
Unarmed Combat | 4 5 6 7 9 10 12 13 14 | 14.4

Action                     |  1- 3 |  4- 6 |  7- 9 | 10-12 || total
---------------------------+-------+-------+-------+-------++-------
  Melee: Unarmed           |    28 |    20 |    73 |    49 ||   170
         Punch             |       |     1 |     3 |     3 ||     7
 Invoke: Berserk           |       |     2 |     1 |     1 ||     4
         Brothers in Arms  |       |       |     1 |     1 ||     2
  Evoke: Box of beasts     |       |       |     1 |       ||     1
    Use: Scroll            |       |       |     2 |       ||     2
   Stab: Sleeping          |     1 |       |       |       ||     1
 Armour: Animal skin       |     5 |     1 |    15 |     8 ||    29
  Dodge: Dodged            |    10 |     7 |    40 |    19 ||    76

Table legend: (Time is in decaauts)
 A = Elapsed time spent in this place.
 B = Non-inter-level travel time spent in this place.
 C = Inter-level travel time spent in this place.
 D = Time resting spent in this place.
 E = Time spent auto-exploring this place.
 F = Levels seen in this place.
 G = Mean time per level.
                   A        B        C        D        E       F      G
               +--------+--------+--------+--------+--------+-----+--------+
         Total |    880 |    869 |     11 |    422 |    100 |   1 |  880.0 |
       Dungeon |    880 |    869 |     11 |    422 |    100 |   1 |  880.0 |
               +--------+--------+--------+--------+--------+-----+--------+

Top non-repeatable levels by time:
       D: 880 daAuts
